 Dungeon Sprint DCSS version 0.31-a0-4-gefa6de2278 (webtiles) character file.

Game seed: 15178091638401892917

916 fozzywoppz the Unseen (level 7, -4/29 (32) HPs)
             Began as a Spriggan Enchanter on May 3, 2023.
             Was an Initiate of Sif Muna.
             Killed from afar by a necromancer (19 damage)
             ... with a bolt of negative energy
             ... in the Dungeon (Sprint III: "The Ten Rune Challenge").
             The game lasted 00:03:47 (341 turns).

fozzywoppz the Unseen (Spriggan Enchanter)           Turns: 341, Time: 00:03:48

HP:   -4/29 (32)    AC:  2    Str:  6    XL:     7   Next: 83%
MP:   15/15         EV: 25    Int: 16    God:    Sif Muna [......]
Gold: 17            SH:  0    Dex: 16    Spells: 8/16 levels left

rFire   . . .        k - +5 dagger (venom)
rCold   . . .        (no shield)
rNeg    . . .        b - +0 robe
rPois   .            (helmet restricted)
rElec   .            (no cloak)
rCorr   .            (gloves unavailable)
SInv    +            (boots unavailable)
Will    +....        (no amulet)
Stlth   ++++++       (no ring)
HPRegen 0.24/turn    (no ring)
MPRegen 0.14/turn

%: no teleportation
@: drained, very quick
A: very small, no large weapons, unfitting armour, see invisible, speed 3
a: Renounce Religion


You were in the Dungeon.
You worshipped Sif Muna.
Sif Muna was noncommittal.
You visited 1 branch You collected 17 gold pieces.

Inventory:

Hand Weapons
 a - a +1 dagger
 j - a +1 dagger of flaming
 k - a +5 dagger of venom (weapon)
 l - a +0 rapier
Armour
 b - a +0 robe (worn)
Scrolls
 i - a scroll of blinking
 m - 3 scrolls of poison
 n - a scroll of identify
Potions
 c - 2 potions of invisibility
 d - a potion of curing
 e - 2 potions of heal wounds
 f - a potion of haste
 g - 2 potions of magic
 h - 2 potions of berserk rage
 o - 2 potions of flight
 p - 6 potions of mutation


   Skills:
 - Level 10.0 Short Blades
 + Level 13.0 Dodging
 - Level 15.0 Stealth
 - Level 5.0 Spellcasting
 - Level 6.0 Hexes


You had 8 spell levels left.
You knew the following spells:

 Your Spells              Type           Power      Damage    Failure   Level
a - Ensorcelled Hibernat  Hex/Ice        26%        N/A       7%          2
b - Confusing Touch       Hex            23%        N/A       3%          3
c - Tukima's Dance        Hex            23%        N/A       3%          3

Your spell library contained the following spells:

 Spells                   Type           Power      Damage    Failure   Level
 Dazzling Flash           Conj/Hex       26%        N/A       13%         3


Dungeon Overview and Level Annotations

Branches:
Dungeon (1/1)

Altars:
Dithmenos
Elyvilon
Kikubaaqudgha
Okawaru
Ru
Sif Muna
Trog
Uskayaw
Vehumet
Wu Jian
Yredelemnul
Zin
The Shining One


Innate Abilities, Weirdness & Mutations

You are very small and have problems with some larger weapons.
You are too small for most types of armour.
You have supernaturally acute eyesight. (SInv)
You cover ground extremely quickly. (Speed+++)


Message History

You see here a human corpse.
You feel yourself speed up.
Your magical contamination has completely faded away.
There is an open door here.
You start resting.
You recover from your berserk rage.
You start resting.
Magic restored.
You open the door.
A necrophage and a necromancer come into view.
The necromancer shouts!
The necromancer points at you and mumbles some strange words.
The bolt of negative energy hits you!
You feel drained.
Ouch! That really hurt!
Found a bronze wand.
Found three altars.
Casting: Ensorcelled Hibernation (safe; 7% risk of failure)
Confirm with . or Enter, or press ? or * to list all spells.
You can't see any susceptible monsters within range! (Use Z to cast anyway.) Unknown command.
You barely miss the necrophage. The necrophage completely misses you.
You hit the necrophage.
The necrophage is lightly damaged.
You hit the necrophage.
The necrophage is moderately damaged.
The necrophage misses you.
You barely miss the necrophage.
The necrophage is moderately damaged.
You hit the necrophage.
The necrophage is heavily damaged.
The necrophage completely misses you.
You hit the necrophage.
The necrophage is heavily damaged.
You hit the necrophage.
The necrophage is severely damaged.
The necromancer casts a spell at you.
The bolt of negative energy hits the necrophage.
The necrophage completely resists.
The bolt of negative energy hits you!!
You feel drained.
Ouch! That really hurt!
You die...

▓▓▓ ##
##.############
.#####..#___#___#__#
..#..#..#...#__)#p_#
.[#..#..###)#'###n##
..##'#..#.......@..#
..###...'.⌠........#
.####...#...######+#
.###....#.⌠.#
.##.....#...#
.#......#'###
#.#.....#.))#
####....#___#
▓▓▓▓▓▓▓▓▓▓


You could see a necromancer and a necrophage (wandering).

Vanquished Creatures
  A deep elf pyromancer (D)
  A water elemental (D)
  A scorpion (D)
  Jessica (D)
  A wizard (D)
  3 humans (D)
  A kobold demonologist (D)
  3 rats (D)
12 creatures vanquished.

Notes
Turn   | Place    | Note
-------+----------+-------------------------------------------
     0 | D        | fozzywoppz the Spriggan Enchanter began the quest for the
                  | Orb.
     0 | D        | Reached XP level 1. HP: 9/9 MP: 5/5
    25 | D        | Noticed Jessica
    29 | D        | Killed Jessica
    30 | D        | Reached skill level 6 in Stealth
    30 | D        | Reached XP level 2. HP: 13/13 MP: 6/8
   102 | D        | Reached skill level 5 in Hexes
   102 | D        | Reached XP level 3. HP: 5/16 MP: 10/10
   165 | D        | Noticed a scorpion
   171 | D        | Killed a scorpion
   172 | D        | Reached skill level 5 in Dodging
   172 | D        | Reached skill level 8 in Stealth
   172 | D        | Reached skill level 5 in Spellcasting
   172 | D        | Reached XP level 4. HP: 16/21 MP: 12/12
   198 | D        | Noticed a water elemental
   201 | D        | Killed a water elemental
   202 | D        | Reached skill level 5 in Short Blades
   202 | D        | Reached skill level 9 in Stealth
   202 | D        | Reached XP level 5. HP: 24/24 MP: 13/13
   206 | D        | Found a radiant altar of Vehumet.
   207 | D        | Found a shimmering blue altar of Sif Muna.
   207 | D        | Found an ancient bone altar of Kikubaaqudgha.
   209 | D        | Reached skill level 10 in Stealth
   217 | D        | Found a glowing silver altar of Zin.
   218 | D        | Found a glowing golden altar of the Shining One.
   218 | D        | Found a white marble altar of Elyvilon.
   218 | D        | Noticed a deep elf pyromancer
   227 | D        | Noticed a fire elemental
   228 | D        | Killed a deep elf pyromancer
   229 | D        | Reached skill level 13 in Stealth
   229 | D        | Reached XP level 6. HP: 28/28 MP: 14/14
   229 | D        | Reached XP level 7. HP: 32/32 MP: 15/15
   237 | D        | Learned a level 2 spell: Ensorcelled Hibernation
   241 | D        | Learned a level 3 spell: Confusing Touch
   245 | D        | Learned a level 3 spell: Tukima's Dance
   252 | D        | Became a worshipper of Sif Muna the Loreminder
   260 | D        | Found a hide-covered altar of Uskayaw.
   260 | D        | Found an iron altar of Okawaru.
   260 | D        | Found a bloodstained altar of Trog.
   260 | D        | Found an ornate altar of the Wu Jian Council.
   260 | D        | Noticed a human
   260 | D        | Noticed a human
   263 | D        | Killed a human
   264 | D        | Reached skill level 14 in Stealth
   268 | D        | Killed a human
   269 | D        | Reached skill level 10 in Short Blades
   269 | D        | Reached skill level 15 in Stealth
   334 | D        | Found a basalt altar of Yredelemnul.
   334 | D        | Found a shadowy altar of Dithmenos.
   334 | D        | Found a sacrificial altar of Ru.
   341 | D        | Killed from afar by a necromancer

Illustrated notes

Levels and vault maps discovered:
D:        dungeon_sprint_mu [sprint_mu_entry_cave, sprint_mu_temple_rooms,
          sprint_mu_d1_spiders, sprint_mu_d2_genie, sprint_mu_d3_branching,
          sprint_mu_orc_legion, sprint_mu_elf_gauntlet, sprint_mu_hive_nellie,
          sprint_mu_lair_fedhas, sprint_mu_vaults_butterflies,
          sprint_mu_slime_circle, sprint_mu_swamp_cave, sprint_mu_snake_twists,
          sprint_mu_blade_basic, sprint_mu_crypt_fortress,
          sprint_mu_tomb_spiral, sprint_mu_vestibule_basic,
          sprint_mu_gehenna_hellfire, sprint_mu_dis_giant,
          sprint_mu_tartarus_statrot, sprint_mu_cocytus_islands, sprint_mu_zot1]

Skill      XL: |  1  2  3  4  5  6  7 |
---------------+----------------------+-----
Dodging        | 4 5 7 11 13 | 13.0
Short Blades   | 2 3 4 5 9 10 | 10.0
Stealth        | 6 8 9 13 15 | 15.0
Spellcasting   | 4 5 |  5.0
Hexes          | 4 5 6 |  6.0

Action                     |  1- 3 |  4- 6 |  7- 9 || total
---------------------------+-------+-------+-------++-------
  Melee: Dagger            |    12 |    10 |     9 ||    31
   Cast: Ensorcelled Hiber |       |       |     4 ||     4
    Use: Scroll            |       |     2 |       ||     2
         Potion            |       |     1 |       ||     1
   Stab: Sleeping          |     4 |     3 |     2 ||     9
  Dodge: Dodged            |     3 |     1 |     7 ||    11

Table legend: (Time is in decaauts)
 A = Elapsed time spent in this place.
 B = Non-inter-level travel time spent in this place.
 C = Inter-level travel time spent in this place.
 D = Time resting spent in this place.
 E = Time spent auto-exploring this place.
 F = Levels seen in this place.
 G = Mean time per level.
                   A        B        C        D        E       F      G
               +--------+--------+--------+--------+--------+-----+--------+
         Total |    276 |    276 |      0 |    104 |      0 |   1 |  276.0 |
       Dungeon |    276 |    276 |      0 |    104 |      0 |   1 |  276.0 |
               +--------+--------+--------+--------+--------+-----+--------+

Top non-repeatable levels by time:
       D: 276 daAuts
